Sabres vs Predators
(R1)
Created - January 20, 2024 at 21:47
Goals
|
| Sabres |
1 |
1 |
0 |
2 |
| Predators |
1 |
1 |
1 |
3 |
|
Shots
|
| Sabres |
6 |
4 |
12 |
22 |
| Predators |
11 |
8 |
11 |
30 |
|
1st period
1. Sabres , Tyler Johnson 18 (Colton Parayko 12, Hampus Lindholm 34) at 10:49
2. Predators , Justin Faulk 2 (Mikael Granlund 16, Jack Eichel 20) at 13:15 (PP)
Penalties :
Nate Schmidt (Buf) for Boarding (Minor) at 1:02, Nikita Zaitsev (Buf) for Interference (Minor) at 5:22, John Gibson (Buf) for Slashing (Minor) at 12:38 - Ben Hutton served the penalty
2nd period
3. Sabres , Evgeni Malkin 7 (Nino Niederreiter 14) at 7:22 (PP)
4. Predators , John Moore 3 (Markus Granlund 6, Nicolas Kerdiles 5) at 19:27
Penalties :
Nate Schmidt (Buf) for Hooking (Minor) at 3:34, Scott Laughton (Nas) for Hooking (Minor) at 7:17, Travis Dermott (Nas) for Hooking (Minor) at 9:16, Adrian Kempe (Buf) for Hooking (Minor) at 15:05
3rd period
5. Predators , Mark Pysyk 7 (Reilly Smith 15, Jaden Schwartz 18) at 13:28
Penalties :
Colton Parayko (Buf) for Boarding (Minor) at 10:17, Travis Dermott (Nas) for Hooking (Minor) at 13:49, Logan Couture (Buf) for Hooking (Minor) at 15:34
Goalie Stats
John Gibson (Buf), 27 saves from 30 shots - (0.900), L, 20-12-3, 59:28 minutes
Kari Lehtonen (Nas), 20 saves from 22 shots - (0.909), W, 14-6-0, 60:00 minutes
Players Stats for Sabres
Player Name G A P +/- PIM S H SB GA TA FO MP PP MP PK MP
------------------------------------------------------------------------------------
Adrian Kempe 0 0 0 -2 2 1 0 0 1 0 0/0 12:24 1:36 1:25
Ben Hutton 0 0 0 -1 0 1 1 1 1 2 0/0 20:08 0:00 5:01
Brian Ferlin 0 0 0 0 0 2 0 0 0 1 0/0 8:48 0:00 0:00
Colton Parayko 0 1 1 1 2 3 0 1 0 1 0/0 24:46 1:14 5:53
Evgeni Malkin 1 0 1 1 0 2 3 0 0 0 12/23 19:44 2:13 3:54
Hampus Lindholm 0 1 1 1 0 1 0 1 4 0 0/0 27:47 2:35 7:10
Joe Pavelski 0 0 0 0 0 0 1 0 1 0 0/0 13:00 1:36 0:00
Justin Bailey 0 0 0 0 0 0 0 0 0 0 0/0 9:16 0:00 0:16
Kyle Okposo 0 0 0 -2 0 1 1 0 0 0 0/0 13:05 0:00 3:54
Logan Couture 0 0 0 0 2 1 3 0 1 2 5/10 13:18 1:35 0:00
Michael Matheson 0 0 0 -1 0 1 0 0 0 1 0/0 14:09 0:00 3:46
Nate Schmidt 0 0 0 -1 4 0 0 0 0 0 0/0 19:38 1:14 2:44
Nikita Zaitsev 0 0 0 -1 2 0 0 0 0 0 0/0 10:49 0:00 0:00
Nino Niederreiter 0 1 1 1 0 2 3 0 1 0 0/0 22:46 2:13 6:18
Ryan Kesler 0 0 0 0 0 1 1 1 0 0 1/5 8:34 0:00 0:00
Teuvo Teravainen 0 0 0 0 0 3 2 1 1 0 1/1 14:10 2:35 0:00
Tyler Johnson 1 0 1 1 0 2 2 1 1 1 2/9 23:07 2:13 6:34
William Karlsson 0 0 0 -2 0 1 2 0 0 0 3/5 11:54 0:00 2:13
Players Stats for Predators
Player Name G A P +/- PIM S H SB GA TA FO MP PP MP PK MP
------------------------------------------------------------------------------------
Alexander Ovechkin 0 0 0 1 0 0 2 0 0 0 0/0 16:02 6:24 0:18
Andreas Englund 0 0 0 -1 0 0 0 0 0 2 0/0 14:40 0:00 1:36
Andy Miele 0 0 0 0 0 1 5 0 1 1 4/10 18:31 5:14 0:57
Claude Giroux 0 0 0 -1 0 2 4 0 1 1 1/1 18:08 5:50 0:33
Jack Eichel 0 1 1 -1 0 3 2 0 0 0 13/25 17:37 6:11 0:00
Jaden Schwartz 0 1 1 0 0 4 1 1 3 1 5/6 14:56 0:03 2:35
Joel Armia 0 0 0 1 0 1 1 0 0 0 0/0 11:44 0:21 0:00
John Moore 1 0 1 2 0 2 1 1 0 1 0/0 21:20 5:27 1:36
Josh Morrissey 0 0 0 -1 0 3 2 0 0 1 0/0 13:45 0:16 0:00
Justin Faulk 1 0 1 0 0 2 0 1 1 1 0/0 25:08 6:50 2:13
Mark Pysyk 1 0 1 1 0 2 1 0 0 0 0/0 11:54 0:00 2:30
Markus Granlund 0 1 1 1 0 2 1 1 0 0 0/0 11:21 0:03 0:00
Mikael Granlund 0 1 1 -1 0 2 0 0 0 0 3/5 18:37 6:42 0:00
Nicolas Kerdiles 0 1 1 1 0 2 1 0 1 0 0/0 11:48 0:00 0:45
Reilly Smith 0 1 1 0 0 0 1 0 0 0 0/0 15:58 5:14 0:00
Ryan Mcdonagh 0 0 0 0 0 1 2 2 0 3 0/0 26:38 7:23 2:13
Scott Laughton 0 0 0 1 2 2 0 0 1 0 3/6 8:35 0:00 0:00
Travis Dermott 0 0 0 2 4 1 0 3 0 0 0/0 19:12 5:27 0:00
3 Stars
1 - John Moore (Nas)
2 - Evgeni Malkin (Buf)
3 - Mark Pysyk (Nas)
Power Play
Sabres - 1 on 3 Attempt(s) - 33.33%
Predators - 1 on 7 Attempt(s) - 14.29%
Penalty Kill
Sabres - 6 on 7 Attempt(s) - 85.71%
- Score 0 goal in Penalty Kill
Predators - 2 on 3 Attempt(s) - 66.67%
- Score 0 goal in Penalty Kill
Team Stat
Sabres - Hits : 19 - Faceoff Wins : 24 - Blocked Shots : 6 - Penalty Minutes : 14
Predators - Hits : 24 - Faceoff Wins : 29 - Blocked Shots : 9 - Penalty Minutes : 6
Official
Referees : Jean Hebert and Frederick L'Ecuyer
Linesman : Scott Cherrey and Brian Mach
Game Notes
No Game Note
Finance
Level 1 -- Attendance: 6000 (100.00%) -- Ticket Income $600,000
Level 2 -- Attendance: 4450 (89.00%) -- Ticket Income $267,000
Level 3 -- Attendance: 2000 (100.00%) -- Ticket Income $70,000
Level 4 -- Attendance: 3778 (94.45%) -- Ticket Income $94,450
Luxury Box -- Attendance: 1000 (100.00%) -- Ticket Income $200,000
Game was played at the Bridgestone arena.
Total Attendance: 17228 (95.71%)
Total Ticket Income: $1,231,450
Other Income: $184,718
Total Income: $1,416,168
Sabres
5 vs 5 Forward
Center Left Wing Right Wing Time % Phy DF OF
1 Evgeni Malkin Nino Niederreiter Tyler Johnson 33 0 1 4
2 Logan Couture Teuvo Teravainen Joe Pavelski 30 1 1 3
3 William Karlsson Adrian Kempe Kyle Okposo 27 0 2 3
4 Ryan Kesler Justin Bailey Brian Ferlin 10 1 3 1
5 vs 5 Defense
Defense Defense Time % Phy DF OF
1 Hampus Lindholm Colton Parayko 40 1 2 2
2 Nate Schmidt Ben Hutton 30 1 2 2
3 Nikita Zaitsev Michael Matheson 20 1 2 2
4 Hampus Lindholm Colton Parayko 10 1 2 2
PowerPlay Forward
Center Left Wing Right Wing Time % Phy DF OF
1 Evgeni Malkin Nino Niederreiter Tyler Johnson 60 1 2 2
2 Logan Couture Adrian Kempe Joe Pavelski 40 1 2 2
PowerPlay Defense
Defense Defense Time % Phy DF OF
1 Hampus Lindholm Teuvo Teravainen 60 1 2 2
2 Nate Schmidt Colton Parayko 40 1 2 2
Penalty Kill 4 Players Forward
Center Wing Time % Phy DF OF
1 Tyler Johnson Nino Niederreiter 60 1 2 2
2 Evgeni Malkin Kyle Okposo 40 1 2 2
Penalty Kill 4 Players Defense
Defense Defense Time % Phy DF OF
1 Hampus Lindholm Colton Parayko 60 1 2 2
2 Nate Schmidt Ben Hutton 40 1 2 2
Penalty Kill - 3 Players Forward
Forward Time % Phy DF OF
1 Tyler Johnson 60 1 2 2
2 Nino Niederreiter 40 1 2 2
Penalty Kill - 3 Players Defense
Defense Defense Time % Phy DF OF
1 Hampus Lindholm Colton Parayko 60 1 2 2
2 Nate Schmidt Ben Hutton 40 1 2 2
4 vs 4 Forward
Center Wing Time % Phy DF OF
1 Tyler Johnson Nino Niederreiter 60 1 2 2
2 Evgeni Malkin Kyle Okposo 40 1 2 2
4 vs 4 Defense
Defense Defense Time % Phy DF OF
1 Hampus Lindholm Colton Parayko 60 1 2 2
2 Nate Schmidt Ben Hutton 40 1 2 2
Last Minutes Offensive
Center Left Wing Right Wing Defense Defense
Evgeni Malkin Nino Niederreiter Tyler Johnson Hampus Lindholm Colton Parayko
Last Minutes Defensive
Center Left Wing Right Wing Defense Defense
Evgeni Malkin Nino Niederreiter Tyler Johnson Hampus Lindholm Colton Parayko
Goaltenders
Starting : John Gibson
Backup : Cam Talbot
Extra Forwards
Normal : Joe Pavelski, Brian Ferlin, William Karlsson - PP : Kyle Okposo, Justin Bailey - PK : William Karlsson
Extra Defensemen
Normal : Nikita Zaitsev, Michael Matheson, Nate Schmidt - PP : Nikita Zaitsev - PK : Michael Matheson, Nate Schmidt
Penalty Shots
Tyler Johnson, Nino Niederreiter, Evgeni Malkin, Kyle Okposo, Joe Pavelski
Custom OT Lines Forwards
Tyler Johnson, Nino Niederreiter, Evgeni Malkin, Kyle Okposo, Joe Pavelski, Logan Couture, Brian Ferlin, William Karlsson, Adrian Kempe, Ryan Kesler
Custom OT Lines Defensemen
Hampus Lindholm, Colton Parayko, Nate Schmidt, Ben Hutton, Nikita Zaitsev
Scratches
Jared Spurgeon (Healthy), Robby Fabbri (Healthy)
Predators
5 vs 5 Forward
Center Left Wing Right Wing Time % Phy DF OF
1 Jack Eichel Claude Giroux Mikael Granlund 40 1 1 3
2 Andy Miele Jaden Schwartz Reilly Smith 30 1 2 2
3 Scott Laughton Alexander Ovechkin Mark Pysyk 20 1 1 3
4 Markus Granlund Nicolas Kerdiles Joel Armia 10 1 2 2
5 vs 5 Defense
Defense Defense Time % Phy DF OF
1 Ryan Mcdonagh Justin Faulk 40 1 2 2
2 John Moore Travis Dermott 30 1 2 2
3 Andreas Englund Josh Morrissey 20 1 2 2
4 Ryan Mcdonagh John Moore 10 1 2 2
PowerPlay Forward
Center Left Wing Right Wing Time % Phy DF OF
1 Jack Eichel Alexander Ovechkin Mikael Granlund 60 1 0 4
2 Andy Miele Claude Giroux Reilly Smith 40 1 1 3
PowerPlay Defense
Defense Defense Time % Phy DF OF
1 Ryan Mcdonagh Justin Faulk 60 1 1 3
2 John Moore Travis Dermott 40 1 2 2
Penalty Kill 4 Players Forward
Center Wing Time % Phy DF OF
1 Jaden Schwartz Mark Pysyk 60 1 2 2
2 Andy Miele Nicolas Kerdiles 40 1 2 2
Penalty Kill 4 Players Defense
Defense Defense Time % Phy DF OF
1 Ryan Mcdonagh Justin Faulk 60 1 3 1
2 Andreas Englund John Moore 40 1 3 1
Penalty Kill - 3 Players Forward
Forward Time % Phy DF OF
1 Mark Pysyk 60 1 3 1
2 Jaden Schwartz 40 1 3 1
Penalty Kill - 3 Players Defense
Defense Defense Time % Phy DF OF
1 Ryan Mcdonagh Justin Faulk 60 1 3 1
2 Andreas Englund John Moore 40 1 3 1
4 vs 4 Forward
Center Wing Time % Phy DF OF
1 Mikael Granlund Claude Giroux 60 1 2 2
2 Jaden Schwartz Alexander Ovechkin 40 1 2 2
4 vs 4 Defense
Defense Defense Time % Phy DF OF
1 Ryan Mcdonagh John Moore 60 1 2 2
2 Justin Faulk Josh Morrissey 40 1 2 2
Last Minutes Offensive
Center Left Wing Right Wing Defense Defense
Jack Eichel Claude Giroux Mikael Granlund Ryan Mcdonagh John Moore
Last Minutes Defensive
Center Left Wing Right Wing Defense Defense
Andy Miele Jaden Schwartz Mark Pysyk Ryan Mcdonagh John Moore
Goaltenders
Starting : Kari Lehtonen
Backup : Felix Sanstrom
Extra Forwards
Normal : Alexander Ovechkin, Jaden Schwartz, Scott Laughton - PP : Claude Giroux, Alexander Ovechkin - PK : Claude Giroux
Extra Defensemen
Normal : Josh Morrissey, John Moore, Andreas Englund - PP : Josh Morrissey - PK : John Moore, Josh Morrissey
Penalty Shots
Claude Giroux, Alexander Ovechkin, Mikael Granlund, Jaden Schwartz, Reilly Smith
Custom OT Lines Forwards
Claude Giroux, Jack Eichel, Mikael Granlund, Jaden Schwartz, Alexander Ovechkin, Andy Miele, Reilly Smith, Mark Pysyk, Nicolas Kerdiles, Scott Laughton
Custom OT Lines Defensemen
Ryan Mcdonagh, John Moore, Justin Faulk, Josh Morrissey, Andreas Englund
Scratches
Michal Neuvirth (Healthy)
% Time on Ice - Sabres
Lines # - Real PCT - Wanted PCT - Time Play
Normal Forward
1 - 31% - 33% - 13:24
2 - 27% - 30% - 11:24
3 - 22% - 27% - 9:11
4 - 20% - 10% - 8:34
Normal Defense
1 - 39% - 40% - 16:28
2 - 35% - 30% - 14:49
3 - 25% - 20% - 10:45
4 - 1% - 10% - 0:31
PP Forward
1 - 58% - 60% - 2:13
2 - 42% - 40% - 1:36
PP Defense
1 - 68% - 60% - 2:35
2 - 32% - 40% - 1:14
PK Forward
1 - 68% - 60% - 8:23
2 - 32% - 40% - 3:54
PK Defense
1 - 58% - 60% - 7:10
2 - 42% - 40% - 5:07
PK3 Forward
1 - 0% - 60%
2 - 0% - 40%
PK3 Defense
1 - 0% - 60%
2 - 0% - 40%
44 Forward
1 - 100% - 60% - 0:14
2 - 0% - 40% - 0:00
44 Defense
1 - 100% - 60% - 0:14
2 - 0% - 40% - 0:00
Last Minute Offensive - 1:07
Last Minute Defensive - 0:00
Total
Forward - 60:00
Defense - 60:00
|
% Time on Ice - Predators
Lines # - Real PCT - Wanted PCT - Time Play
Normal Forward
1 - 29% - 40% - 12:09
2 - 26% - 30% - 11:04
3 - 19% - 20% - 8:16
4 - 26% - 10% - 11:03
Normal Defense
1 - 38% - 40% - 16:17
2 - 30% - 30% - 12:54
3 - 30% - 20% - 12:33
4 - 2% - 10% - 0:48
PP Forward
1 - 57% - 60% - 7:03
2 - 43% - 40% - 5:14
PP Defense
1 - 62% - 60% - 7:39
2 - 38% - 40% - 4:38
PK Forward
1 - 80% - 60% - 3:04
2 - 20% - 40% - 0:45
PK Defense
1 - 58% - 60% - 2:13
2 - 42% - 40% - 1:36
PK3 Forward
1 - 0% - 60%
2 - 0% - 40%
PK3 Defense
1 - 0% - 60%
2 - 0% - 40%
44 Forward
1 - 100% - 60% - 0:14
2 - 0% - 40% - 0:00
44 Defense
1 - 100% - 60% - 0:14
2 - 0% - 40% - 0:00
Last Minute Offensive - 0:00
Last Minute Defensive - 1:08
Total
Forward - 60:00
Defense - 60:00
|
Play-by-Play
1st period
0:01 of 1st period - Evgeni Malkin wins face-off versus Mikael Granlund in neutral zone.
0:26 of 1st period - Joe Pavelski is hit by Andy Miele and loses puck.
0:44 of 1st period - Icing by Ben Hutton.
0:45 of 1st period - William Karlsson wins face-off versus Scott Laughton in Sabres zone.
0:45 of 1st period - William Karlsson is hit by John Moore.
0:51 of 1st period - Snap shot by Scott Laughton.
0:51 of 1st period - Stopped by John Gibson with a rebound.
1:02 of 1st period - Minor Penalty to Nate Schmidt for Boarding.
1:03 of 1st period - Tyler Johnson wins face-off versus Jack Eichel in Sabres zone.
2:15 of 1st period - Travis Dermott is hit by Evgeni Malkin and loses puck.
2:31 of 1st period - Michael Matheson is hit by Ryan Mcdonagh and loses puck.
3:02 of 1st period - Penalty to Nate Schmidt is over, Nate Schmidt is back on ice.
3:38 of 1st period - Alexander Ovechkin is hit by Joe Pavelski and loses puck.
4:03 of 1st period - Slapshot by Kyle Okposo.
4:03 of 1st period - Stopped by Kari Lehtonen without a rebound.
4:04 of 1st period - Jack Eichel wins face-off versus William Karlsson in Predators zone.
4:04 of 1st period - Jack Eichel is hit by William Karlsson.
4:30 of 1st period - Snap shot by Nino Niederreiter.
4:30 of 1st period - Stopped by Kari Lehtonen with a rebound.
4:32 of 1st period - Wrist shot by Evgeni Malkin.
4:32 of 1st period - Shot Blocked by Travis Dermott.
5:12 of 1st period - Snap shot by Jaden Schwartz.
5:12 of 1st period - Shot Misses the Net.
5:22 of 1st period - Minor Penalty to Nikita Zaitsev for Interference.
5:23 of 1st period - Jack Eichel wins face-off versus Tyler Johnson in Sabres zone.
5:34 of 1st period - Snap shot by Jack Eichel.
5:34 of 1st period - Stopped by John Gibson without a rebound.
5:35 of 1st period - Jack Eichel wins face-off versus Tyler Johnson in Sabres zone.
6:43 of 1st period - Tyler Johnson is hit by Claude Giroux and loses puck.
7:22 of 1st period - Penalty to Nikita Zaitsev is over, Nikita Zaitsev is back on ice.
8:39 of 1st period - Snap shot by Tyler Johnson.
8:39 of 1st period - Shot Misses the Net.
9:21 of 1st period - Wrist shot by Jaden Schwartz.
9:21 of 1st period - Stopped by John Gibson without a rebound.
9:22 of 1st period - Andy Miele wins face-off versus Ryan Kesler in Sabres zone.
10:26 of 1st period - Snap shot by William Karlsson.
10:26 of 1st period - Shot Misses the Net.
10:32 of 1st period - Michael Matheson is hit by Reilly Smith and loses puck.
10:41 of 1st period - Wrist shot by Andy Miele.
10:41 of 1st period - Deflect By Jaden Schwartz.
10:41 of 1st period - Shot Misses the Net.
10:41 of 1st period - Puck is out of play.
10:42 of 1st period - Evgeni Malkin wins face-off versus Jack Eichel in Sabres zone.
10:47 of 1st period - Snap shot by Colton Parayko.
10:47 of 1st period - Shot Misses the Net.
10:49 of 1st period - Snap shot by Tyler Johnson.
10:49 of 1st period - Goal by Tyler Johnson - Sabres : 1 - Predators : 0.
10:50 of 1st period - Evgeni Malkin wins face-off versus Jack Eichel in neutral zone.
10:55 of 1st period - Mikael Granlund is hit by Tyler Johnson and loses puck.
11:16 of 1st period - Hampus Lindholm is hit by Mark Pysyk and loses puck.
11:58 of 1st period - Nicolas Kerdiles is hit by Ryan Kesler.
12:30 of 1st period - Snap shot by Markus Granlund.
12:30 of 1st period - Stopped by John Gibson with a rebound.
12:32 of 1st period - Slapshot by Josh Morrissey.
12:32 of 1st period - Shot Misses the Net.
12:34 of 1st period - Slapshot by Josh Morrissey.
12:34 of 1st period - Stopped by John Gibson with a rebound.
12:36 of 1st period - Slapshot by Josh Morrissey.
12:36 of 1st period - Shot Blocked by Ben Hutton.
12:38 of 1st period - Slapshot by Josh Morrissey.
12:38 of 1st period - Stopped by John Gibson without a rebound.
12:38 of 1st period - Minor Penalty to John Gibson for Slashing.
12:39 of 1st period - Jack Eichel wins face-off versus Tyler Johnson in Sabres zone.
12:40 of 1st period - Snap shot by Mikael Granlund.
12:40 of 1st period - Shot Misses the Net.
12:42 of 1st period - Slapshot by John Moore.
12:42 of 1st period - Stopped by John Gibson with a rebound.
13:09 of 1st period - Off-side.
13:10 of 1st period - Mikael Granlund wins face-off versus Evgeni Malkin in neutral zone.
13:15 of 1st period - Slapshot by Justin Faulk.
13:15 of 1st period - Goal by Justin Faulk - Sabres : 1 - Predators : 1.
13:16 of 1st period - Claude Giroux wins face-off versus Evgeni Malkin in neutral zone.
13:47 of 1st period - Slapshot by Justin Faulk.
13:47 of 1st period - Shot Misses the Net.
14:11 of 1st period - Hampus Lindholm is hit by Alexander Ovechkin and loses puck.
14:40 of 1st period - Wrist shot by Joel Armia.
14:40 of 1st period - Shot Blocked by Ryan Kesler.
15:06 of 1st period - Jaden Schwartz is hit by Logan Couture and loses puck.
15:13 of 1st period - Hampus Lindholm is hit by Andy Miele and loses puck.
15:38 of 1st period - Wrist shot by William Karlsson.
15:38 of 1st period - Stopped by Kari Lehtonen with a rebound.
16:26 of 1st period - Wrist shot by Scott Laughton.
16:26 of 1st period - Stopped by John Gibson without a rebound.
16:27 of 1st period - Jack Eichel wins face-off versus Evgeni Malkin in Sabres zone.
16:30 of 1st period - Wrist shot by Mikael Granlund.
16:30 of 1st period - Stopped by John Gibson without a rebound.
16:31 of 1st period - Jack Eichel wins face-off versus Evgeni Malkin in Sabres zone.
16:36 of 1st period - Wrist shot by Claude Giroux.
16:36 of 1st period - Stopped by John Gibson with a rebound.
16:46 of 1st period - Evgeni Malkin is hit by Claude Giroux and loses puck.
17:01 of 1st period - Snap shot by Jaden Schwartz.
17:01 of 1st period - Shot Misses the Net.
17:03 of 1st period - Wrist shot by Ryan Mcdonagh.
17:03 of 1st period - Shot Blocked by Teuvo Teravainen.
17:25 of 1st period - Wrist shot by Ryan Kesler.
17:25 of 1st period - Stopped by Kari Lehtonen with a rebound.
17:27 of 1st period - Snap shot by Brian Ferlin.
17:27 of 1st period - Shot Misses the Net.
17:29 of 1st period - Slapshot by Michael Matheson.
17:29 of 1st period - Shot Misses the Net.
17:56 of 1st period - Nino Niederreiter is hit by Josh Morrissey.
18:02 of 1st period - Andreas Englund is hit by Evgeni Malkin and loses puck.
19:09 of 1st period - Nicolas Kerdiles is hit by Nino Niederreiter and loses puck.
19:29 of 1st period - Andy Miele is hit by Ben Hutton and loses puck.
19:53 of 1st period - Off-side.
19:54 of 1st period - Evgeni Malkin wins face-off versus Jack Eichel in neutral zone.
19:57 of 1st period - Wrist shot by Michael Matheson.
19:57 of 1st period - Stopped by Kari Lehtonen with a rebound.
Goals for this period are 1 for Sabres vs 1 for Predators.
Shots for this period are 6 for Sabres vs 11 for Predators.
2nd period
0:01 of 2nd period - Evgeni Malkin wins face-off versus Jack Eichel in neutral zone.
0:04 of 2nd period - Justin Faulk is hit by Tyler Johnson.
0:12 of 2nd period - Slapshot by Justin Faulk.
0:12 of 2nd period - Shot Misses the Net.
1:13 of 2nd period - Snap shot by Mikael Granlund.
1:13 of 2nd period - Shot Blocked by Colton Parayko.
1:15 of 2nd period - Snap shot by Claude Giroux.
1:15 of 2nd period - Stopped by John Gibson without a rebound.
1:16 of 2nd period - Evgeni Malkin wins face-off versus Jack Eichel in Sabres zone.
1:21 of 2nd period - Backhand shot by Nino Niederreiter.
1:21 of 2nd period - Shot Misses the Net.
1:23 of 2nd period - Snap shot by Nino Niederreiter.
1:23 of 2nd period - Shot Misses the Net.
2:03 of 2nd period - Slapshot by Claude Giroux.
2:03 of 2nd period - Shot Misses the Net.
2:05 of 2nd period - Slapshot by Josh Morrissey.
2:05 of 2nd period - Deflect By Evgeni Malkin.
2:05 of 2nd period - Stopped by John Gibson without a rebound.
2:06 of 2nd period - Andy Miele wins face-off versus Logan Couture in Sabres zone.
3:21 of 2nd period - Wrist shot by Reilly Smith.
3:21 of 2nd period - Deflect By Jaden Schwartz.
3:21 of 2nd period - Stopped by John Gibson without a rebound.
3:22 of 2nd period - Andy Miele wins face-off versus Logan Couture in Sabres zone.
3:29 of 2nd period - Snap shot by Andy Miele.
3:29 of 2nd period - Stopped by John Gibson without a rebound.
3:30 of 2nd period - Jack Eichel wins face-off versus Logan Couture in Sabres zone.
3:34 of 2nd period - Minor Penalty to Nate Schmidt for Hooking.
3:35 of 2nd period - Jack Eichel wins face-off versus Tyler Johnson in Sabres zone.
4:01 of 2nd period - Nino Niederreiter is hit by Ryan Mcdonagh and loses puck.
4:24 of 2nd period - John Moore is hit by Nino Niederreiter and loses puck.
5:05 of 2nd period - Kyle Okposo is hit by Jack Eichel and loses puck.
5:34 of 2nd period - Penalty to Nate Schmidt is over, Nate Schmidt is back on ice.
5:49 of 2nd period - John Moore is hit by Teuvo Teravainen and loses puck.
6:08 of 2nd period - Icing by Andreas Englund.
6:09 of 2nd period - Scott Laughton wins face-off versus Ryan Kesler in Predators zone.
6:11 of 2nd period - Icing by Mark Pysyk.
6:12 of 2nd period - Scott Laughton wins face-off versus Ryan Kesler in Predators zone.
6:21 of 2nd period - Wrist shot by Scott Laughton.
6:21 of 2nd period - Shot Misses the Net.
6:23 of 2nd period - Slapshot by Josh Morrissey.
6:23 of 2nd period - Deflect By Scott Laughton.
6:23 of 2nd period - Shot Misses the Net.
6:23 of 2nd period - Puck is out of play.
6:24 of 2nd period - Evgeni Malkin wins face-off versus Jack Eichel in Sabres zone.
7:17 of 2nd period - Minor Penalty to Scott Laughton for Hooking.
7:18 of 2nd period - Evgeni Malkin wins face-off versus Jaden Schwartz in Predators zone.
7:20 of 2nd period - Snap shot by Evgeni Malkin.
7:20 of 2nd period - Shot Misses the Net.
7:22 of 2nd period - Wrist shot by Evgeni Malkin.
7:22 of 2nd period - Goal by Evgeni Malkin - Sabres : 2 - Predators : 1.
7:23 of 2nd period - Jack Eichel wins face-off versus Evgeni Malkin in neutral zone.
9:16 of 2nd period - Minor Penalty to Travis Dermott for Hooking.
9:17 of 2nd period - Jaden Schwartz wins face-off versus Evgeni Malkin in Predators zone.
9:17 of 2nd period - Jaden Schwartz is hit by Teuvo Teravainen.
9:54 of 2nd period - Slapshot by Joe Pavelski.
9:54 of 2nd period - Shot Misses the Net.
10:18 of 2nd period - Andreas Englund is hit by Logan Couture and loses puck.
10:51 of 2nd period - Nino Niederreiter is hit by Claude Giroux and loses puck.
11:10 of 2nd period - Mark Pysyk is hit by Logan Couture and loses puck.
11:16 of 2nd period - Penalty to Travis Dermott is over, Travis Dermott is back on ice.
11:23 of 2nd period - Snap shot by Travis Dermott.
11:23 of 2nd period - Shot Misses the Net.
13:22 of 2nd period - Michael Matheson is hit by Andy Miele and loses puck.
13:39 of 2nd period - Backhand shot by Jack Eichel.
13:39 of 2nd period - Stopped by John Gibson with a rebound.
14:12 of 2nd period - Snap shot by Travis Dermott.
14:12 of 2nd period - Stopped by John Gibson without a rebound.
14:13 of 2nd period - Ryan Kesler wins face-off versus Andy Miele in Sabres zone.
14:18 of 2nd period - Wrist shot by Colton Parayko.
14:18 of 2nd period - Stopped by Kari Lehtonen with a rebound.
14:20 of 2nd period - Slapshot by Brian Ferlin.
14:20 of 2nd period - Stopped by Kari Lehtonen with a rebound.
14:22 of 2nd period - Backhand shot by Ryan Kesler.
14:22 of 2nd period - Deflect By Justin Bailey.
14:22 of 2nd period - Shot Blocked by Jaden Schwartz.
14:22 of 2nd period - Puck is out of play.
14:23 of 2nd period - Teuvo Teravainen wins face-off versus Mikael Granlund in Predators zone.
15:05 of 2nd period - Minor Penalty to Adrian Kempe for Hooking.
15:06 of 2nd period - Tyler Johnson wins face-off versus Jack Eichel in Sabres zone.
17:05 of 2nd period - Penalty to Adrian Kempe is over, Adrian Kempe is back on ice.
17:28 of 2nd period - Snap shot by Teuvo Teravainen.
17:28 of 2nd period - Stopped by Kari Lehtonen without a rebound.
17:29 of 2nd period - Logan Couture wins face-off versus Scott Laughton in Predators zone.
18:16 of 2nd period - Slapshot by Josh Morrissey.
18:16 of 2nd period - Shot Misses the Net.
18:18 of 2nd period - Snap shot by Andy Miele.
18:18 of 2nd period - Shot Misses the Net.
18:44 of 2nd period - Colton Parayko is hit by Jack Eichel and loses puck.
19:23 of 2nd period - Backhand shot by Nicolas Kerdiles.
19:23 of 2nd period - Shot Misses the Net.
19:25 of 2nd period - Slapshot by Markus Granlund.
19:25 of 2nd period - Stopped by John Gibson with a rebound.
19:27 of 2nd period - Slapshot by John Moore.
19:27 of 2nd period - Goal by John Moore - Sabres : 2 - Predators : 2.
19:28 of 2nd period - Jack Eichel wins face-off versus Evgeni Malkin in neutral zone.
Goals for this period are 1 for Sabres vs 1 for Predators.
Shots for this period are 4 for Sabres vs 8 for Predators.
3rd period
0:01 of 3rd period - Evgeni Malkin wins face-off versus Jack Eichel in neutral zone.
0:14 of 3rd period - Slapshot by Claude Giroux.
0:14 of 3rd period - Deflect By Jack Eichel.
0:14 of 3rd period - Stopped by John Gibson with a rebound.
0:35 of 3rd period - Snap shot by Adrian Kempe.
0:35 of 3rd period - Shot Blocked by Travis Dermott.
0:47 of 3rd period - Slapshot by Hampus Lindholm.
0:47 of 3rd period - Shot Blocked by John Moore.
0:57 of 3rd period - Wrist shot by Mark Pysyk.
0:57 of 3rd period - Stopped by John Gibson with a rebound.
1:31 of 3rd period - Wrist shot by Tyler Johnson.
1:31 of 3rd period - Shot Blocked by Markus Granlund.
1:33 of 3rd period - Wrist shot by Tyler Johnson.
1:33 of 3rd period - Deflect By Josh Morrissey.
1:33 of 3rd period - Stopped by Kari Lehtonen with a rebound.
1:35 of 3rd period - Snap shot by Colton Parayko.
1:35 of 3rd period - Stopped by Kari Lehtonen without a rebound.
1:36 of 3rd period - Mikael Granlund wins face-off versus William Karlsson in Predators zone.
1:36 of 3rd period - Mikael Granlund is hit by Kyle Okposo.
1:48 of 3rd period - Slapshot by Ryan Mcdonagh.
1:48 of 3rd period - Stopped by John Gibson with a rebound.
2:02 of 3rd period - Jaden Schwartz is hit by Evgeni Malkin and loses puck.
2:09 of 3rd period - Slapshot by Nino Niederreiter.
2:09 of 3rd period - Stopped by Kari Lehtonen with a rebound.
2:11 of 3rd period - Wrist shot by Tyler Johnson.
2:11 of 3rd period - Shot Blocked by Justin Faulk.
2:33 of 3rd period - Snap shot by Andy Miele.
2:33 of 3rd period - Shot Misses the Net.
3:47 of 3rd period - Tyler Johnson is hit by Nicolas Kerdiles and loses puck.
4:11 of 3rd period - Tyler Johnson is hit by Markus Granlund and loses puck.
4:48 of 3rd period - Tyler Johnson is hit by Josh Morrissey and loses puck.
4:55 of 3rd period - Snap shot by Nicolas Kerdiles.
4:55 of 3rd period - Stopped by John Gibson with a rebound.
4:57 of 3rd period - Snap shot by Joel Armia.
4:57 of 3rd period - Shot Blocked by Tyler Johnson.
6:35 of 3rd period - Snap shot by Nicolas Kerdiles.
6:35 of 3rd period - Stopped by John Gibson with a rebound.
6:37 of 3rd period - Slapshot by Andreas Englund.
6:37 of 3rd period - Shot Misses the Net.
6:39 of 3rd period - Slapshot by Joel Armia.
6:39 of 3rd period - Stopped by John Gibson without a rebound.
6:40 of 3rd period - Logan Couture wins face-off versus Jack Eichel in Sabres zone.
6:47 of 3rd period - Snap shot by Joe Pavelski.
6:47 of 3rd period - Shot Misses the Net.
6:49 of 3rd period - Slapshot by Nate Schmidt.
6:49 of 3rd period - Shot Misses the Net.
6:51 of 3rd period - Wrist shot by Logan Couture.
6:51 of 3rd period - Shot Blocked by Ryan Mcdonagh.
7:07 of 3rd period - Nate Schmidt is hit by Andy Miele and loses puck.
7:18 of 3rd period - Snap shot by Jaden Schwartz.
7:18 of 3rd period - Stopped by John Gibson with a rebound.
8:10 of 3rd period - Icing by Michael Matheson.
8:11 of 3rd period - William Karlsson wins face-off versus Andy Miele in Sabres zone.
8:11 of 3rd period - William Karlsson is hit by Jaden Schwartz.
8:23 of 3rd period - Wrist shot by Jaden Schwartz.
8:23 of 3rd period - Stopped by John Gibson without a rebound.
8:24 of 3rd period - Logan Couture wins face-off versus Jack Eichel in Sabres zone.
8:24 of 3rd period - Logan Couture is hit by Claude Giroux.
8:32 of 3rd period - Wrist shot by Logan Couture.
8:32 of 3rd period - Stopped by Kari Lehtonen with a rebound.
9:51 of 3rd period - Slapshot by Adrian Kempe.
9:51 of 3rd period - Shot Blocked by Ryan Mcdonagh.
10:05 of 3rd period - Slapshot by Hampus Lindholm.
10:05 of 3rd period - Stopped by Kari Lehtonen without a rebound.
10:06 of 3rd period - Scott Laughton wins face-off versus Ryan Kesler in Predators zone.
10:15 of 3rd period - Snap shot by Scott Laughton.
10:15 of 3rd period - Shot Blocked by Hampus Lindholm.
10:17 of 3rd period - Minor Penalty to Colton Parayko for Boarding.
10:18 of 3rd period - Jack Eichel wins face-off versus Tyler Johnson in Sabres zone.
10:19 of 3rd period - Snap shot by Mikael Granlund.
10:19 of 3rd period - Stopped by John Gibson without a rebound.
10:20 of 3rd period - Jack Eichel wins face-off versus Tyler Johnson in Sabres zone.
10:51 of 3rd period - Icing by Mikael Granlund.
10:52 of 3rd period - Evgeni Malkin wins face-off versus Andy Miele in Predators zone.
10:53 of 3rd period - Wrist shot by Kyle Okposo.
10:53 of 3rd period - Shot Misses the Net.
11:51 of 3rd period - Snap shot by Adrian Kempe.
11:51 of 3rd period - Shot Misses the Net.
11:53 of 3rd period - Slapshot by Ben Hutton.
11:53 of 3rd period - Stopped by Kari Lehtonen without a rebound.
11:54 of 3rd period - William Karlsson wins face-off versus Andy Miele in Predators zone.
12:17 of 3rd period - Penalty to Colton Parayko is over, Colton Parayko is back on ice.
12:29 of 3rd period - Snap shot by Justin Faulk.
12:29 of 3rd period - Stopped by John Gibson with a rebound.
13:16 of 3rd period - Snap shot by Brian Ferlin.
13:16 of 3rd period - Stopped by Kari Lehtonen with a rebound.
13:26 of 3rd period - Snap shot by Reilly Smith.
13:26 of 3rd period - Shot Misses the Net.
13:28 of 3rd period - Snap shot by Mark Pysyk.
13:28 of 3rd period - Goal by Mark Pysyk - Sabres : 2 - Predators : 3.
13:29 of 3rd period - Logan Couture wins face-off versus Jack Eichel in neutral zone.
13:36 of 3rd period - Snap shot by Teuvo Teravainen.
13:36 of 3rd period - Shot Misses the Net.
13:49 of 3rd period - Minor Penalty to Travis Dermott for Hooking.
13:50 of 3rd period - Jaden Schwartz wins face-off versus Evgeni Malkin in Predators zone.
14:06 of 3rd period - Slapshot by Teuvo Teravainen.
14:06 of 3rd period - Stopped by Kari Lehtonen with a rebound.
14:20 of 3rd period - Off-side.
14:21 of 3rd period - Jaden Schwartz wins face-off versus Logan Couture in neutral zone.
14:32 of 3rd period - Snap shot by Tyler Johnson.
14:32 of 3rd period - Shot Misses the Net.
14:34 of 3rd period - Snap shot by Evgeni Malkin.
14:34 of 3rd period - Shot Misses the Net.
14:36 of 3rd period - Slapshot by Colton Parayko.
14:36 of 3rd period - Stopped by Kari Lehtonen without a rebound.
14:37 of 3rd period - Jaden Schwartz wins face-off versus Evgeni Malkin in Predators zone.
14:58 of 3rd period - Ryan Mcdonagh is hit by Nino Niederreiter and loses puck.
15:25 of 3rd period - Snap shot by Logan Couture.
15:25 of 3rd period - Shot Misses the Net.
15:27 of 3rd period - Backhand shot by Teuvo Teravainen.
15:27 of 3rd period - Stopped by Kari Lehtonen with a rebound.
15:29 of 3rd period - Wrist shot by Adrian Kempe.
15:29 of 3rd period - Stopped by Kari Lehtonen without a rebound.
15:30 of 3rd period - Jaden Schwartz wins face-off versus Logan Couture in Predators zone.
15:34 of 3rd period - Minor Penalty to Logan Couture for Hooking.
15:35 of 3rd period - Mikael Granlund wins face-off versus Tyler Johnson in Sabres zone.
15:49 of 3rd period - Penalty to Travis Dermott is over, Travis Dermott is back on ice.
16:37 of 3rd period - Snap shot by Nino Niederreiter.
16:37 of 3rd period - Deflect By Tyler Johnson.
16:37 of 3rd period - Shot Blocked by Travis Dermott.
16:37 of 3rd period - Puck is out of play.
16:38 of 3rd period - Jack Eichel wins face-off versus Evgeni Malkin in Predators zone.
16:43 of 3rd period - Nate Schmidt is hit by Alexander Ovechkin and loses puck.
17:05 of 3rd period - Alexander Ovechkin is hit by William Karlsson and loses puck.
17:34 of 3rd period - Penalty to Logan Couture is over, Logan Couture is back on ice.
17:40 of 3rd period - Tyler Johnson is hit by Andy Miele.
18:00 of 3rd period - Icing by Nikita Zaitsev.
18:01 of 3rd period - Logan Couture wins face-off versus Scott Laughton in Sabres zone.
18:01 of 3rd period - Logan Couture is hit by Joel Armia.
19:08 of 3rd period - Snap shot by Jaden Schwartz.
19:08 of 3rd period - Shot Misses the Net.
19:10 of 3rd period - Snap shot by Ryan Mcdonagh.
19:10 of 3rd period - Deflect By Jaden Schwartz.
19:10 of 3rd period - Shot Misses the Net.
19:10 of 3rd period - Puck is out of play.
19:11 of 3rd period - Randy Carlyle call a timeout for Sabres.
19:11 of 3rd period - Evgeni Malkin wins face-off versus Andy Miele in Sabres zone.
19:28 of 3rd period - Sabres, John Gibson is pulled from the net.
19:28 of 3rd period - Snap shot by Evgeni Malkin.
19:28 of 3rd period - Deflect By Jaden Schwartz.
19:28 of 3rd period - Stopped by Kari Lehtonen with a rebound.
19:37 of 3rd period - Icing by Ryan Mcdonagh.
19:38 of 3rd period - Andy Miele wins face-off versus Evgeni Malkin in Predators zone.
19:40 of 3rd period - Icing by Mark Pysyk.
19:41 of 3rd period - Evgeni Malkin wins face-off versus Andy Miele in Predators zone.
Goals for this period are 0 for Sabres vs 1 for Predators.
Shots for this period are 12 for Sabres vs 11 for Predators.